 Dungeon Crawl Stone Soup version 0.31-a0-164-g2312942fda (webtiles) character file.

Game seed: 16353509459115091856

37 Anon1729 the Trooper (level 3, -3/33 HPs)
             Began as a Minotaur Monk on June 13, 2023.
             Slain by a hobgoblin (7 damage)
             ... on level 2 of the Dungeon.
             The game lasted 00:00:33 (487 turns).

Anon1729 the Trooper (Minotaur Monk)                 Turns: 487, Time: 00:00:34

Health: -3/33      AC:  2    Str: 15    XL:     3   Next: 23%
Magic:  2/2        EV: 13    Int:  7    God:
Gold:   45         SH:  0    Dex: 14    Spells: 2/2 levels left

rFire   . . .        a - +0 short sword
rCold   . . .        d - orb {light}
rNeg    . . .        b - +0 robe
rPois   .            (helmet restricted)
rElec   .            (no cloak)
rCorr   .            (no gloves)
SInv    .            (no boots)
Will    .....        (no amulet)
Stlth   +            (no ring)
HPRegen 0.25/turn    (no ring)
MPRegen 0.08/turn

%: no passive effects
@: glowing
A: horns 2, retaliatory headbutt
a: no special abilities


You were on level 2 of the Dungeon.
You visited 1 branch of the dungeon, and saw 2 of its levels.

You collected 45 gold pieces.

Inventory:

Hand Weapons
 a - a +0 short sword (weapon)
Missiles
 e - 2 throwing nets
Armour
 b - a +0 robe (worn)
 d - an orb of light (worn)
Scrolls
 f - a scroll of immolation {unknown}
 g - a scroll of teleportation {unknown}
Potions
 c - a potion of ambrosia
 h - a potion of magic


   Skills:
 + Level 4.0 Fighting
 + Level 3.6 Short Blades
 + Level 1.3 Armour
 + Level 3.6 Dodging
 + Level 1.1 Invocations


You had 2 spell levels left.
You didn't know any spells.
Your spell library was empty.

Dungeon Overview and Level Annotations

Branches:
Dungeon (2/15)

Altars:

Annotations:
D:2 Robin


Innate Abilities, Weirdness & Mutations

You have a pair of horns on your head.
You reflexively headbutt those who attack you in melee.


Message History

You are too injured to fight recklessly!
You are too injured to fight recklessly!
You are too injured to fight recklessly!
You are too injured to fight recklessly!
You are too injured to fight recklessly!
You hit the goblin.
You kill the goblin!
The hobgoblin hits you. The goblin hits you but does no damage.
Robin roars a battlecry!
The goblins go into a battle-frenzy!
The hobgoblin attacks as you move away! The hobgoblin hits you.
The hobgoblin closely misses you.
Items here: )))) [ †.
The hobgoblin attacks as you move away! The hobgoblin misses you.
The hobgoblin no longer looks unusually strong.
Robin throws the goblin at you!
You hit the goblin.
You kill the goblin!
Robin roars a battlecry!
The hobgoblin goes into a battle-frenzy!
The hobgoblin hits you.
* * * LOW HITPOINT WARNING * * *
You see here a +0 club.
Robin throws the goblin at you!
* * * LOW HITPOINT WARNING * * *
You see here a +0 short sword.
You hit the goblin.
You kill the goblin!
You see here a +0 dagger.
You hit the hobgoblin.
The hobgoblin is severely wounded.
The hobgoblin hits you.
* * * LOW HITPOINT WARNING * * *
It was a potion of magic.
Magic courses through your body. The hobgoblin barely misses you.
You barely miss the hobgoblin.
You headbutt the hobgoblin, but do no damage.
The hobgoblin is severely wounded.
The hobgoblin hits you!
You die...

..# ..### ....# ....#
####(.#.# ##### ##.......#
##########...# ##..#)g.#
.............#####g.w).#
#####<..)..@ggJgg.###).ww...
.$.........#######..# g......
..#####......#####.####.##....
#<.###....[..#....# ... #..#
###..........# .. #...#
##......#..... . #...##
#....##....#.. ....## #.))##
...## #... #.....# ..##


You could see a worm, Robin, an endoplasm, 3 hobgoblins and a goblin (strong).

Vanquished Creatures
  2 ball pythons (D:1)
  An endoplasm (D:1)
  A giant cockroach (D:1)
  11 goblins
  A hobgoblin (D:1)
  4 jackals (D:2)
  5 kobolds
  A quokka (D:1)
  3 bats (D:1)
  A frilled lizard (D:1)
  A rat (D:1)
31 creatures vanquished.

Notes
Turn   | Place    | Note
-------+----------+-------------------------------------------
     0 | D:1      | Anon1729 the Minotaur Monk began the quest for the Orb.
     0 | D:1      | Reached XP level 1. HP: 19/19 MP: 0/0
    88 | D:1      | Reached XP level 2. HP: 25/27 MP: 1/1
   293 | D:1      | Reached skill level 1 in Armour
   403 | D:2      | Reached skill level 1 in Invocations
   459 | D:2      | Noticed Robin
   467 | D:2      | Reached XP level 3. HP: 29/33 MP: 2/2
   468 | D:2      | Reached skill level 4 in Fighting
   487 | D:2      | Slain by a hobgoblin

Illustrated notes

Levels and vault maps discovered:
D:1:      wander_arrival_chamber, layout_loops_cross, nrook_uturn
D:2:      layout_rooms, uniq_robin

Skill      XL: |  1  2  3 |
---------------+----------+-----
Armour         | 1 |  1.3
Invocations    | 1 |  1.1
Fighting       | 4 |  4.0
Short Blades   | |  3.6
Dodging        | |  3.6

Action                     || total
---------------------------++-------
  Melee: Short sword       ||    69
         Headbutt          ||    15
    Use: Potion            ||     1
 Armour: Robe              ||    14
  Dodge: Dodged            ||    54

Table legend: (Time is in decaauts)
 A = Elapsed time spent in this place.
 B = Non-inter-level travel time spent in this place.
 C = Inter-level travel time spent in this place.
 D = Time resting spent in this place.
 E = Time spent auto-exploring this place.
 F = Levels seen in this place.
 G = Mean time per level.
                   A        B        C        D        E       F      G
               +--------+--------+--------+--------+--------+-----+--------+
         Total |    475 |    461 |     14 |      0 |    354 |   2 |  237.5 |
       Dungeon |    475 |    461 |     14 |      0 |    354 |   2 |  237.5 |
               +--------+--------+--------+--------+--------+-----+--------+

Top non-repeatable levels by time:
     D:1: 346 daAuts
     D:2: 128 daAuts
